 Dungeon Crawl Stone Soup version 0.24.1-14-gf8d2b509d9 (webtiles) character file.

Game seed: 3245339496311986846, levelgen mode: deterministic

17425 KlarStein the Grappler (level 12, -1/126 HPs)
             Began as a Troll Berserker on July 10, 2020.
             Was a High Priest of Trog.
             Slain by an alligator (5 damage)
             ... led by an alligator
             ... on level 1 of the Swamp.
             The game lasted 01:02:35 (9204 turns).

KlarStein the Grappler (Troll Berserker)            Turns: 9204, Time: 01:02:36

Health: -1/126     AC: 10    Str: 30    XL:     12   Next: 18%
Magic:  11/11      EV: 19    Int:  3    God:    Trog [*****.]
Gold:   512        SH:  3    Dex: 14    Spells: 11/11 levels left

rFire    . . .     SeeInvis .     - Unarmed
rCold    + . .     Gourm    +   (no shield)
rNeg     . . .     Faith    .   v - +2 robe {rC+}
rPois    .         Spirit   .   (helmet restricted)
rElec    .         Reflect  +   y - +1 cloak
rCorr    .         Harm     .   (gloves unavailable)
MR       .....                  (boots unavailable)
Stlth    +.........             i - +3 amulet of reflection
HPRegen  0.71/turn              K - +3 ring of evasion
MPRegen  0.12/turn              B - +3 ring of dexterity

@: no status effects
A: large, unfitting armour, claws 3, fast metabolism 3, gourmand, regeneration
1, shaggy fur 1, tough skin 3
a: Berserk, Trog's Hand, Brothers in Arms, Renounce Religion


You were on level 1 of the Swamp.
You worshipped Trog.
Trog was extremely pleased with you.
You were very full.

You visited 4 branches of the dungeon, and saw 14 of its levels.
You also visited: Sewer.

You collected 742 gold pieces.
You spent 230 gold pieces at shops.

Inventory:

Missiles
 p - 8 large rocks (quivered)
Armour
 v - a +2 robe of cold resistance (worn)
 x - a +0 robe of fire resistance
 y - a +1 cloak (worn)
Jewellery
 a - an uncursed amulet of regeneration
 i - a +3 amulet of reflection (around neck)
 j - an uncursed ring of stealth
 B - a +3 ring of dexterity (right claw)
 K - a +3 ring of evasion (left claw)
Wands
 q - a wand of iceblast (5)
 s - a wand of flame (20)
 t - a wand of polymorph (12)
 A - a wand of clouds (7)
 F - a wand of enslavement (9)
 J - a wand of random effects (11)
Scrolls
 e - 4 scrolls of fear
 g - 5 scrolls of fog
 h - 5 scrolls of blinking
 n - 2 scrolls of magic mapping
 r - 4 scrolls of teleportation
 D - a scroll of remove curse
 H - 2 scrolls of identify
 I - a scroll of vulnerability {unknown}
Potions
 c - a potion of invisibility {unknown}
 d - 4 potions of curing
 f - 2 potions of agility
 k - 5 potions of magic
 l - 4 potions of heal wounds
 m - 4 potions of brilliance
 o - a potion of haste {unknown}
 u - a potion of ambrosia {unknown}
 z - 2 potions of resistance
 C - a potion of experience {unknown}
 E - 3 potions of flight
 G - a potion of mutation {unknown}
Comestibles
 b - 13 rations
 w - 3 chunks of flesh


   Skills:
 + Level 10.2 Fighting
 + Level 10.2 Dodging
 + Level 11.9 Unarmed Combat


You had 11 spell levels left.
You didn't know any spells.
Your spell library contained the following spells:

 Spells                   Type           Power        Failure   Level  Hunger
 Beastly Appendage        Tmut           #.....       52%         1    ##.....
 Poisonous Vapours        Pois/Air       #.....       67%         2    ###....
 Sticks to Snakes         Tmut           #.......     67%         2    ###....
 Conjure Flame            Conj/Fire      #.......     88%         3    ####...
 Mephitic Cloud           Conj/Pois/Air  #.......     88%         3    ####...
 Spider Form              Tmut/Pois      #.........   88%         3    ####...
 Ice Form                 Ice/Tmut       #.......     99%         4    #####..
 Blade Hands              Tmut           #.........   100%        5    ######.
 Freezing Cloud           Conj/Ice/Air   #.........   100%        6    #######
 Ring of Flames           Chrm/Fire      #.........   100%        7    #######


Dungeon Overview and Level Annotations

Branches:
Dungeon (8/15)             Temple (1/1) D:7            Lair (4/6) D:8
  Swamp (1/4) Lair:4       Spider (0/4) Lair:2        Sewer (visited)

Altars:
Ashenzari
Cheibriados
Dithmenos
Fedhas
Kikubaaqudgha
Okawaru
Ru
Trog
Wu Jian
The Shining One

Shops:
D:5 [

Annotations:
D:1 2 exclusions


Innate Abilities, Weirdness & Mutations

You are too large for most types of armour.
You have claws for hands.
Your metabolism is lightning-fast.
You like to eat raw meat.
Your natural rate of healing is unusually fast.
You are covered in fur. (AC +1)
You have extremely tough skin. (AC +3)


Message History

The alligator closely misses you.
The alligator tail-slaps you but does no damage.
You scratch the alligator.
The alligator is lightly wounded.
The alligator bites you!
* * * LOW HITPOINT WARNING * * *
The alligator misses you.
You scratch the alligator but do no damage.
The alligator is lightly wounded.
The alligator bites you!
* * * LOW HITPOINT WARNING * * *
The alligator misses you.
You closely miss the alligator.
The alligator is lightly wounded.
The alligator barely misses you. The alligator tail-slaps you!
* * * LOW HITPOINT WARNING * * *
You claw the alligator!
The alligator is moderately wounded.
The alligator completely misses you. The alligator tail-slaps you.
You die...

..♣ ♣≈.♣ .≈≈♣ ♣♣.≈.♣♣
♣.≈≈..♣ ♣♣≈≈≈≈≈♣
♣†t≈≈≈.♣♣ ♣♣♣♣♣
♣♣@≈≈≈≈..♣ ......♣♣♣♣
♣...≈≈≈≈≈♣
≈≈.♣≈≈...♣♣♣.≈....≈.♣
≈≈≈§§≈≈...†..≈≈.≈.≈≈♣
≈≈≈≈.≈≈..≈≈≈♣≈≈≈≈≈≈.♣♣
.≈♣.≈≈♣≈....≈≈♣≈≈.≈≈♣
...≈≈≈≈≈≈♣..≈≈≈≈≈..≈♣
♣.≈.≈≈≈...........≈.
♣♣
♣♣..≈≈≈.≈≈..♣≈≈≈.♣♣..


You could see an alligator.

Vanquished Creatures
  A hydra (Lair:3)
  An alligator (Swamp:1)
  5 elephants (Lair:3)
  2 black mambas
  Joseph (Lair:1)
  5 torpor snails
  8 spiny frogs
  A komodo dragon (Lair:2)
  6 blink frogs (Lair:3)
  3 hippogriffs
  A bog body (Lair:4)
  A wyvern (Lair:3)
  13 yaks
  Menkaure (D:6)
  A swamp worm (Swamp:1)
  3 water moccasins
  An orc warrior (D:7)
  7 porcupines
  A sky beast (D:7)
  2 black bears (D:8)
  3 wolves (Lair:1)
  An ogre (D:5)
  A centaur (D:5)
  9 crocodiles
  A gnoll sergeant (D:6)
  A big kobold (D:7)
  9 bullfrogs
  Blork the orc (D:6)
  4 scorpions
  2 water moccasin skeletons (D:8)
  11 killer bees (D:8)
  A howler monkey (D:6)
  4 crimson imps
  A centaur skeleton (D:5)
  4 bullfrog skeletons
  9 orc wizards
  5 hounds
  Ijyb (D:5)
  6 worker ants
  2 hound zombies
  3 gnolls (D:6)
  12 adders
  5 river rats (Sewer)
  2 shadow imps
  3 oozes
  7 worms
  2 dart slugs
  7 leopard geckos
  25 orcs
  4 giant cockroaches
  5 goblins
  4 hobgoblins
  9 jackals
  2 quokkas
  16 ball pythons
  5 bats
  6 frilled lizards
  A jackal skeleton (D:6)
  9 kobolds
  A leopard gecko zombie (D:8)
  A quokka zombie (D:6)
  28 rats
  A fungus (Lair:1)
298 creatures vanquished.

Vanquished Creatures (others)
  A kobold (D:7)
  6 fungi
  5 plants
12 creatures vanquished.

Grand Total: 310 creatures vanquished

Notes
Turn   | Place    | Note
-------+----------+-------------------------------------------
     0 | D:1      | KlarStein the Troll Berserker began the quest for the Orb.
     0 | D:1      | Reached XP level 1. HP: 22/22 MP: 0/0
   166 | D:1      | Reached XP level 2. HP: 29/29 MP: 1/1
   372 | D:1      | Reached ** piety under Trog
   562 | D:1      | Reached XP level 3. HP: 36/36 MP: 2/2
   602 | D:2      | Found a shadowy altar of Dithmenos.
   690 | D:2      | Found a faded altar of an unknown god.
   783 | D:2      | Found an ornate altar of the Wu Jian Council.
   813 | D:2      | Reached XP level 4. HP: 45/45 MP: 3/3
  1219 | D:3      | Reached skill level 4 in Unarmed Combat
  1270 | D:3      | Found a glowing drain.
  1279 | D:3      | Reached XP level 5. HP: 53/53 MP: 4/4
  1302 | Sewer    | Entered a sewer
  1478 | Sewer    | Reached *** piety under Trog
  1561 | Sewer    | Reached XP level 6. HP: 52/62 MP: 5/5
  1788 | D:3      | Reached **** piety under Trog
  1899 | D:3      | Reached skill level 5 in Unarmed Combat
  2302 | D:4      | You fall into a shaft and drop 1 floor!
  2302 | D:5      | Entered Level 5 of the Dungeon
  2306 | D:5      | Found Kuatt's Armour Boutique.
  2340 | D:5      | Noticed Ijyb
  2348 | D:5      | Killed Ijyb
  2355 | D:5      | Reached XP level 7. HP: 47/71 MP: 6/6
  2448 | D:5      | Found a blossoming altar of Fedhas.
  3264 | D:4      | Reached skill level 6 in Unarmed Combat
  3276 | D:4      | Reached skill level 5 in Dodging
  3310 | D:4      | Reached skill level 5 in Fighting
  3363 | D:4      | Reached XP level 8. HP: 80/80 MP: 7/7
  3672 | D:5      | Bought a +2 robe of cold resistance for 230 gold pieces
  3734 | D:6      | Noticed Menkaure
  3741 | D:6      | Killed Menkaure
  3932 | D:6      | Found an iron altar of Okawaru.
  3932 | D:6      | Found a sacrificial altar of Ru.
  3933 | D:6      | Found a shattered altar of Ashenzari.
  3961 | D:6      | Reached ***** piety under Trog
  4155 | D:6      | Found a glowing golden altar of the Shining One.
  4228 | D:6      | Noticed Blork the orc
  4233 | D:6      | Killed Blork the orc
  4233 | D:6      | Reached skill level 7 in Unarmed Combat
  4328 | D:7      | Noticed a hippogriff
  4351 | D:7      | Killed a hippogriff
  4403 | D:7      | Found a staircase to the Ecumenical Temple.
  4431 | Temple   | Entered the Ecumenical Temple
  4596 | D:7      | Reached XP level 9. HP: 82/89 MP: 8/8
  5219 | D:8      | Received a gift from Trog
  5285 | D:8      | Reached skill level 8 in Unarmed Combat
  5494 | D:8      | Found a staircase to the Lair.
  5823 | D:8      | Reached XP level 10. HP: 102/102 MP: 9/9
  6216 | Lair:1   | Entered Level 1 of the Lair of Beasts
  6243 | Lair:1   | Reached skill level 9 in Unarmed Combat
  6352 | Lair:1   | Noticed a spiny frog
  6353 | Lair:1   | Noticed Joseph
  6358 | Lair:1   | Killed a spiny frog
  6417 | Lair:1   | Noticed a spiny frog
  6417 | Lair:1   | Noticed a spiny frog
  6427 | Lair:1   | Killed a spiny frog
  6434 | Lair:1   | Killed a spiny frog
  6538 | Lair:1   | Noticed a torpor snail
  6552 | Lair:1   | Killed a torpor snail
  6657 | Lair:1   | Found a snail-covered altar of Cheibriados.
  6657 | Lair:1   | Noticed a torpor snail
  6667 | Lair:1   | Killed a torpor snail
  6668 | Lair:1   | Noticed a torpor snail
  6679 | Lair:1   | Killed a torpor snail
  6679 | Lair:1   | Reached skill level 10 in Unarmed Combat
  6700 | Lair:1   | Noticed a torpor snail
  6706 | Lair:1   | Killed a torpor snail
  6922 | Lair:1   | Found an ancient bone altar of Kikubaaqudgha.
  6956 | Lair:1   | Noticed a spiny frog
  6968 | Lair:1   | Killed a spiny frog
  7145 | Lair:1   | Killed Joseph
  7220 | Lair:2   | Noticed a spiny frog
  7227 | Lair:2   | Killed a spiny frog
  7227 | Lair:2   | Reached XP level 11. HP: 113/113 MP: 10/10
  7302 | Lair:2   | Found a hole to the Spider Nest.
  8398 | Lair:3   | Reached skill level 11 in Unarmed Combat
  8512 | Lair:3   | Noticed an eight-headed hydra
  8522 | Lair:3   | Killed an eight-headed hydra
  9117 | Lair:4   | Found a staircase to the Swamp.
  9120 | Lair:4   | Reached skill level 10 in Fighting
  9120 | Lair:4   | Reached skill level 10 in Dodging
  9120 | Lair:4   | Reached XP level 12. HP: 123/126 MP: 11/11
  9165 | Swamp:1  | Entered Level 1 of the Swamp
  9188 | Swamp:1  | Noticed an alligator
  9188 | Swamp:1  | Noticed an alligator
  9200 | Swamp:1  | Killed an alligator
  9203 | Swamp:1  | HP: 4/126 [alligator[an alligator] (11)]
  9204 | Swamp:1  | Slain by an alligator

Levels and vault maps discovered:
D:1:      dpeg_arrival_houses_and_road, layout_basic
D:2:      layout_rooms, nicolae_dithmenos_through_a_glass_darkly,
          nicolae_overflow_hidden_temple, chequers_ecumenical_altar_island
D:3:      layout_loops_ring, portal_sewer_entry_a, serial_bayou_ford_a
D:4:      cheibrodos_helix_gallery, layout_basic, first_ration
D:5:      layout_loops_ring, basic_altar, serial_shops, shop, uniq_ijyb
D:6:      layout_cave_pools, nicolae_overflow_crystal_walls,
          gammafunk_temple_overflow_claw, makhleb_altar_promises_db,
          uniq_menkaure, uniq_blork_the_orc
D:7:      layout_loops_ring, minmay_temple_entry_glass
D:8:      layout_basic, due_lair_maze_entry_diamond, serial_glass,
          glass_columns_b, glass_columns_b
Temple:   regret_index_temple_generic_petals
Lair:1:   layout_chaotic_city, basic_altar, kennysheep_snail_temple,
          grunt_megastairs_5, uniq_joseph
Lair:2:   layout_cave_pods, spider_nest_entry_web_field
Lair:3:   layout_regular_city
Lair:4:   layout_hall_layers, skrybe_swamp_entry_bodies, grunt_megastairs_4,
          infiniplex_staircase_pool_2
Swamp:1:  layout_falls_marsh, evilmike_swamp_ruin_rubble_2, swamp_pool3

Skill      XL: |  1  2  3  4  5  6  7  8  9 10 11 |
---------------+----------------------------------+-----
Fighting       | 3 4 5 6 7 8 10 | 10.2
Dodging        | 3 4 5 6 7 8 10 | 10.2
Unarmed Combat | 4 5 6 7 8 10 11 | 11.9

Action                   |  1- 3 |  4- 6 |  7- 9 | 10-12 || total
-------------------------+-------+-------+-------+-------++-------
Melee: Unarmed           |    79 |   208 |   364 |   289 ||   940
       Punch             |     1 |     4 |    12 |    21 ||    38
Throw: Throwing net      |       |       |     1 |       ||     1
       Large rock        |       |       |       |     3 ||     3
Invok: Berserk           |       |     2 |     4 |     7 ||    13
Evoke: Wand              |       |       |     1 |     7 ||     8
  Use: Scroll            |       |     9 |    12 |     6 ||    27
       Potion            |       |       |     2 |     5 ||     7
 Stab: Sleeping          |       |       |     3 |     1 ||     4
       Distracted        |       |       |       |     1 ||     1
  Eat: Chunk             |     6 |    23 |    33 |    41 ||   103
Armor: Animal skin       |    43 |    80 |       |       ||   123
       Robe              |       |     6 |   134 |    45 ||   185
       Skin              |       |       |       |    18 ||    18
Dodge: Dodged            |    45 |   123 |   205 |   146 ||   519
Block: Other             |       |    25 |    45 |    29 ||    99
       Reflection        |       |       |     1 |       ||     1
